 Dungeon Crawl Stone Soup version 0.32-a0-931-g5a2cda0630 (webtiles) character file.

Game seed: 17058070501132286293

1502995 ParallaxScroll the Slayer (level 25, 245/245 HPs)
             Began as a Mountain Dwarf Berserker on Apr 13, 2024.
             Was a High Priest of Trog.
             Escaped with the Orb
             ... and 3 runes on Apr 14, 2024!
             The game lasted 07:30:28 (84531 turns).

ParallaxScroll the Slayer (MDBe)                   Turns: 84531, Time: 07:30:29

Health: 245/245    AC: 44    Str: 32    XL:     25   Next: 83%
Magic:  18/23      EV: 15    Int:  8    God:    Trog [*****.]
Gold:   5539       SH: 17    Dex: 18    Spells: 24/24 levels left

rFire   + . .        a - +11 broad axe of Truncation {heavy, rF+ Str+4}
rCold   + . .        m - +0 kite shield {rC+ rF+}
rNeg    + + +        Q - +9 storm dragon scales {Bai Suzhen}
rPois   +            U - +2 helmet
rElec   +            V - +2 ratskin cloak {*Rats rPois rN+ Str-1 Int-1 Dex+1}
rCorr   .            B - +2 pair of gloves {infuse}
SInv    +            K - +2 pair of boots
Will    ++++.        c - amulet of regeneration Stlth
                     u - ring of see invisible
HPRegen 1.40/turn    q - ring "Hiohor" {rF- rN++ Will+ Dex+6}
MPRegen 0.18/turn

%: random rage (3%), infuse magic (1 MP)
@: studying Ranged Weapons
A: runic magic, artefact enchanting, berserk 1, strong-willed 1, screaming 1,
wild magic 1, persistent drain
0: Orb of Zot
}: 3/15 runes: decaying, serpentine, silver
a: Renounce Religion, Berserk, Trog's Hand, Brothers in Arms


You escaped.
You worshipped Trog.
Trog was extremely pleased with you.
You visited 9 branches of the dungeon, and saw 47 of its levels.
You visited the Abyss 2 times.
You also visited: Gauntlet, Ice Cave and Wizlab.

You collected 7650 gold pieces.
You spent 2111 gold pieces at shops.

Inventory:

Hand Weapons
 a - the +11 broad axe of Truncation (weapon) {heavy, rF+ Str+4}
   (Trog gifted it to you on level 3 of the Elven Halls)

   Str+4:     It affects your strength (+4).
   rF+:       It protects you from fire.
Missiles
 i - 31 boomerangs (quivered)
 r - 14 silver javelins
 G - 2 throwing nets
 M - 11 curare-tipped darts
 O - 10 javelins
Armour
 m - a +0 kite shield of resistance (worn)
 B - a +2 pair of gloves of infusion (worn)
 K - a +2 pair of boots (worn)
 Q - +9 storm dragon scales (worn) {Bai Suzhen}
 U - a +2 helmet (worn)
 V - the +2 ratskin cloak (worn) {*Rats rPois rN+ Str-1 Int-1 Dex+1}
   (You found it on level 2 of the Lair of Beasts)

   *Rats:     When the wearer is hurt, rats may emerge from it to assist them.
   Str-1:     It affects your strength (-1).
   Int-1:     It affects your intelligence (-1).
   Dex+1:     It affects your dexterity (+1).
   rPois:     It protects you from poison.
   rN+:       It protects you from negative energy.
Jewellery
 c - an amulet of regeneration (around neck)
 j - a ring of resist corrosion
 k - the ring "Cir Xourunn" {rPois rF+ Will+ Stlth+}
   (You found it in a Gauntlet)

   [ring of poison resistance]

   rF+:       It protects you from fire.
   rPois:     It protects you from poison.
   Will+:     It increases your willpower.
   Stlth+:    It makes you more stealthy.
 q - the ring "Hiohor" (right hand) {rF- rN++ Will+ Dex+6}
   (You found it in a Gauntlet)

   [ring of dexterity]

   Dex+6:     It affects your dexterity (+6).
   rF-:       It makes you vulnerable to fire.
   rN++:      It greatly protects you from negative energy.
   Will+:     It increases your willpower.
 u - a ring of see invisible (left hand)
 F - the ring "Riwiusmonu" {rElec rC+ Will- EV+5 SInv}
   (You found it on level 5 of the Vaults)

   [ring of evasion]

   EV+5:      It affects your evasion (+5).
   rC+:       It protects you from cold.
   rElec:     It insulates you from electricity.
   Will-:     It decreases your willpower.
   SInv:      It lets you see invisible.
 L - the ring of Keniddev {rPois rC+ Str+5}
   (You took it off a deep elf zephyrmancer on level 3 of the Elven Halls)

   [ring of protection from cold]

   Str+5:     It affects your strength (+5).
   rC+:       It protects you from cold.
   rPois:     It protects you from poison.
 S - a ring of flight
Wands
 t - a wand of polymorph (33)
 y - a wand of light (45)
 H - a wand of roots (57)
 I - a wand of digging (31)
 W - a wand of mindburst (42)
 Z - a wand of paralysis (53)
Scrolls
 d - a scroll of revelation
 e - 12 scrolls of immolation
 l - a scroll of blinking
 s - 5 scrolls of silence
 v - 13 scrolls of fear
 A - 11 scrolls of vulnerability
 J - 12 scrolls of fog
 T - 3 scrolls of butterflies
 X - 16 scrolls of teleportation
Potions
 b - 9 potions of lignification
 f - 9 potions of attraction
 g - 21 potions of curing
 h - 13 potions of heal wounds
 n - 9 potions of enlightenment
 o - 3 potions of cancellation
 p - 2 potions of haste
 w - 4 potions of might
 x - 3 potions of berserk rage
 E - 6 potions of ambrosia
 P - 4 potions of invisibility
 R - 5 potions of resistance
 Y - 13 potions of mutation
Miscellaneous
 z - a lightning rod (4/4)
 C - a condenser vane
 D - a phantom mirror
 N - a sack of spiders


   Skills:
 + Level 24.0 Fighting
 - Level 2.0 Short Blades
 - Level 19.8(20.0) Axes
 - Level 4.2(13.6) Maces & Flails
 - Level 2.0 Ranged Weapons
 - Level 16.0 Throwing
 - Level 21.0 Armour
 - Level 11.0 Dodging
 - Level 2.0 Stealth
 - Level 23.0 Shields
 - Level 18.0 Evocations


You had 24 spell levels left.
You didn't know any spells.
Your spell library was empty.

Dungeon Overview and Level Annotations

Branches:
Dungeon (15/15)            Temple (0/1) D:6            Lair (5/5) D:8
  Swamp (4/4) Lair:3        Snake (4/4) Lair:2        Slime (0/5) Lair:5
    Orc (2/2) D:9             Elf (3/3) Orc:2        Vaults (5/5) D:14
  Crypt (0/3) Vaults:3     Depths (4/4) D:15            Zot (5/5) Depths:4
  IceCv (visited)          WizLab (visited)         Gauntlet (visited)

Altars:
Cheibriados
Elyvilon
Fedhas
Gozag
Kikubaaqudgha
Nemelex Xobeh
Qazlal
Ru
Uskayaw
Wu Jian
Yredelemnul
The Shining One
Beogh
Jiyva

Shops:
D:6 (   D:9 *   Orc:2 ***[   Snake:2 *   Snake:4 (   Vaults:1 [   Depths:2 !

Portals:
Hell: Depths:1 Depths:2 Depths:3 Depths:4
Abyss: Depths:2 Depths:3
Pandemonium: Depths:2
Ziggurat: Depths:1

Annotations:
Lair:5 exclusion: obsidian statue
Snake:3 2 transporters
Elf:2 2 runed translucent doors
Vaults:3 3 runed translucent doors, exclusion: obsidian statue, Qedwod's ghost, veteran DrFE


Innate Abilities, Weirdness & Mutations

Your spellcasting is much less encumbered by armour.
You can use scrolls of enchantment on lesser artefacts.
You sometimes lose your temper in combat.
You are strong-willed. (Will+)
You occasionally shout uncontrollably at your foes.
Your spells are a little harder to cast, but a little more powerful.
Your health recovers twice as slowly from being drained.


Message History

The demonspawn warmonger claws you but does no damage.
The demonspawn warmonger gores you.
You cut the demonspawn warmonger into ribbons!!!
The demonspawn warmonger is heavily wounded.
The demonspawn warmonger hits you with a +1 great sword of electrocution!!
The demonspawn warmonger completely misses you.
You block the demonspawn warmonger's attack.
You slice the demonspawn warmonger!!
The demonspawn warmonger is severely wounded.
The demonspawn warmonger misses you.
The demonspawn warmonger barely misses you.
The demonspawn warmonger gores you but does no damage.
You hit the demonspawn warmonger.
The demonspawn warmonger is severely wounded.
The demonspawn warmonger hits you but does no damage.
You block the demonspawn warmonger's attack. x2
You carve the demonspawn warmonger like a ham!!!!
You kill the demonspawn warmonger!
Trog accepts your kill.
Training target 11.0 for Dodging reached!
Your Dodging skill increases to level 11!
You need to enable at least one skill for training.
Aiming: Dig
Press: ? - help, Shift-Dir - straight line A rock wall.
This square is covered in magical glow.
The rock shatters into small pieces.
Aiming: Dig
Press: ? - help, Shift-Dir - straight line A rock wall.
This square is covered in magical glow.
The rock shatters into small pieces.
HP restored.
Aiming: Dig
Press: ? - help, Shift-Dir - straight line This square is covered in magical glow.
The rock shatters into small pieces.
Your magic seems less tainted.
There is a staircase leading out of the dungeon here.
You have escaped!

#.#......##....#........#.#
#.###.#..##.#..#........#.#
#....#..###'####........#.#
.###.##.##.....#........#.#
.# #.##..#.....#........#.#
.###.#..#......#........#.#
.........#..ß..'........#.#
####.....#.....#######'##.#
#........#......@'..##....#
#.##>....#####'###'########
....#.###...#...'..#
..#.#.###...#...#..#
..#.........#...####
..#.).....#######
#.#.......# #.........#
####..[...#


There were no monsters in sight!

Vanquished Creatures
  A dread lich (Vaults:5)
  4 ancient liches
  An orb of fire (Zot:1)
  Mara (Vaults:2)
  A juggernaut (Depths:2)
  Bai Suzhen (Snake:2)
  Boris (Depths:4)
  Vashnia (Snake:2)
  Parghit (Zot:1)
  A caustic shrike (Depths:2)
  5 golden dragons
  A curse toe (Zot:1)
  Nikola (Snake:3)
  A bone dragon (Abyss:2)
  A Brimstone Fiend (D:8)
  A Tzitzimitl (Depths:4)
  15 tentacled monstrosities
  Zenata (Vaults:2)
  3 Orb Guardians
  3 deep elf blademasters
  4 titans
  Mlioglotl (Snake:1)
  4 liches
  7 deep elf master archers
  2 quicksilver dragons
  12 sphinxes
  7 shadow dragons
  7 death cobs
  3 tentacled starspawn (Abyss:2)
  Kirke (D:13)
  5 tengu reavers
  7 storm dragons
  3 thorn hunters
  Aizul (Snake:2)
  A demonspawn warmonger (D:1)
  3 protean progenitors
  3 nagarajas (Snake:4)
  9 fire giants
  5 deep elf sorcerers
  8 fenstrider witches
  15 vault wardens
  A draconian monk (Zot:1)
  A draconian shifter (Zot:2)
  5 draconian knights
  2 iron dragons (Vaults:5)
  5 ghost moths
  A balrug (Depths:4)
  10 frost giants
  3 draconian scorchers (Zot:2)
  7 deep elf elementalists (Elf:3)
  A juggernaut zombie (Depths:2)
  A spriggan defender (Depths:2)
  2 caustic shrike skeletons
  3 reapers
  A draconian stormcaller (Zot:2)
  3 formless jellyfish
  2 ghouls (Swamp:3)
  4 orc warlords
  4 draconian annihilators
  21 ironbound preservers
  32 very ugly things
  2 green draconians
  10 deep elf demonologists
  6 ironbound thunderhulks
  16 stone giants
  4 eleionomae
  4 vampire knights
  A deep elf death mage (Vaults:5)
  6 bunyips
  9 deep elf annihilators
  3 war gargoyles
  8 spark wasps
  12 dire elephants
  A lorocyproca (D:9)
  10 black draconians
  5 white draconians
  3 purple draconians
  5 red draconians (Zot:2)
  8 yellow draconians
  A minotaur (Gauntlet)
  2 merfolk impalers (Depths:2)
  An entropy weaver (shapeshifter) (Elf:1)
  Josephine (Lair:5)
  A green death (Swamp:4)
  Snorg (Lair:5)
  3 crystal guardians
  19 ettins
  13 fire dragons
  A jiangshi (Depths:3)
  19 yaktaur captains
  5 shambling mangroves
  Erolcha (D:11)
  12 great orbs of eyes
  6 deep elf high priests
  6 rakshasas
  3 spriggan air magi
  9 hydras
  32 vault guards
  The ghost of Jiawno the Marksgoblin, a journeyman CoHu of Hepliaklqana (D:14)
  The ghost of Pim the Thaumaturge, a journeyman GnWr of Gozag (D:11)
  15 ice dragons
  2 peacekeepers
  A ghost crab (Swamp:2)
  8 alligators
  A catoblepas (Lair:2)
  A hell beast (Swamp:4)
  6 ogre magi
  2 jorogumos
  6 boulder beetles
  8 anacondas
  A death knight (D:15)
  20 centaur warriors
  12 two-headed ogres
  10 death yaks
  7 ironbound frosthearts
  13 dancing weapons
  5 deep troll earth magi
  9 deep troll shamans
  6 satyrs
  11 tengu warriors
  4 orc high priests
  3 vampire magi
  4 sun demons (Depths:4)
  15 naga warriors
  6 shock serpents
  5 thrashing horrors (Abyss:2)
  A spectral dire elephant (Lair:5)
  17 hell knights
  8 occultists
  7 spriggan berserkers
  15 spriggans
  16 deep elf knights
  21 naga sharpshooters
  8 iron trolls
  4 soul eaters
  3 skysharks
  8 skeletal warriors
  A skyshark (shapeshifter) (Elf:1)
  2 sixfirhies
  2 spark wasp zombies
  11 goliath frogs
  A spectral anaconda (Lair:5)
  4 salamander mystics
  6 large abominations
  A golden dragon zombie (Depths:1)
  6 mana vipers
  An orb spider (Abyss:2)
  2 shadow demons (Depths:2)
  14 deep elf archers
  4 flayed ghosts
  6 spriggan druids
  8 glowing orange brains
  58 deep trolls
  A deep troll (shapeshifter) (Vaults:5)
  2 swamp dragons
  4 bog bodies
  2 sea snakes (shapeshifter)
  11 arcanists
  A steelbarb worm (shapeshifter) (Elf:3)
  5 naga ritualists
  A phantasmal warrior (Vaults:5)
  7 lindwurms
  3 thermic dynamos
  8 harpies
  17 ironbound convokers
  16 necromancers
  28 deep elf pyromancers
  A harpy (shapeshifter) (D:13)
  14 orc knights
  4 orc sorcerers
  2 fauns (shapeshifter)
  7 will-o-the-wisps
  3 shining eyes (Zot:2)
  6 fauns (WizLab)
  28 deep elf zephyrmancers
  40 ugly things
  4 cyclopes
  A worldbinder (Abyss:2)
  A shining eye (shapeshifter) (Vaults:4)
  31 salamanders
  A draconian zombie (Abyss:2)
  A fire giant skeleton (Vaults:3)
  6 moths of wrath
  5 kobold blastminers
  9 meliai
  An elephant (shapeshifter) (Depths:4)
  16 elephants
  3 guardian serpents
  3 manticores
  15 naga magi
  A water nymph (shapeshifter) (Vaults:5)
  2 dire elephant zombies (Lair:5)
  31 black mambas
  2 meliai (shapeshifter)
  2 smoke demons (Abyss:2)
  8 vault sentinels
  5 orange demons
  2 torpor snails
  2 ice statues (IceCv)
  A gargoyle (D:9)
  Jeremiah (D:7)
  10 cane toads
  A dire elephant skeleton (Lair:5)
  7 unseen horrors
  4 anaconda simulacra (IceCv)
  A rime drake (shapeshifter) (Vaults:5)
  35 yaktaurs
  2 rime drakes
  4 freezing wraiths
  7 komodo dragons
  3 kobold demonologists
  8 tengu conjurers
  2 efreet
  6 ice devils
  A queen bee (shapeshifter) (D:14)
  An elf simulacrum (Vaults:3)
  A queen bee (Depths:2)
  6 trolls
  An ancient zyme (Abyss:2)
  6 tyrant leeches
  A hornet (shapeshifter) (Elf:1)
  23 hornets
  2 polar bears
  A wind drake (shapeshifter) (Depths:3)
  2 hellwings
  A merfolk (shapeshifter) (Depths:2)
  6 raiju (Abyss:2)
  A spriggan zombie (Depths:1)
  A raiju (shapeshifter) (Elf:1)
  5 dream sheep
  19 blink frogs
  A snapping turtle (Vaults:5)
  A glass eye (Depths:1)
  47 slime creatures
  An air elemental (Elf:1)
  7 wraiths
  2 vampires
  A shadow (D:12)
  Sigmund (D:4)
  2 ynoxinuls (Abyss:2)
  A culicivora (shapeshifter) (D:13)
  3 spriggans (shapeshifter)
  2 dire elephant simulacra (IceCv)
  8 water elementals
  9 wyverns
  2 hogs (D:13)
  3 fire elementals
  A basilisk (shapeshifter) (D:14)
  4 wargs
  29 yaks
  2 basilisks
  19 humans (D:14)
  Menkaure (D:6)
  18 vampire mosquitoes
  4 chaos spawn
  2 spectral cane toads (Lair:5)
  3 acid dragons
  45 nagas
  4 hydra simulacra (IceCv)
  4 water moccasins
  15 swamp worms
  A black bear (shapeshifter) (Vaults:5)
  An elephant zombie (Lair:5)
  22 orc warriors
  3 swamp drakes
  A glowing shapeshifter skeleton (Vaults:3)
  8 laughing skulls
  2 ice beasts
  8 ogres
  A black bear (D:8)
  6 boggarts
  3 sky beasts
  12 wolves
  7 centaurs
  2 phantoms
  8 bullfrogs
  A gnoll sergeant (D:5)
  A brain worm (shapeshifter) (Elf:1)
  3 earth elementals
  11 small abominations
  A scorpion (D:6)
  A glowing shapeshifter simulacrum (Depths:2)
  A human skeleton (Vaults:3)
  8 wights (D:9)
  10 killer bees
  6 howler monkeys
  An elephant simulacrum (Lair:5)
  3 electric eels (Lair:5)
  3 bombardier beetles
  A lava snake (Snake:1)
  2 hounds
  20 orc priests
  2 gnoll boudas
  11 jellies
  2 sleepcaps
  2 iguanas
  Natasha (thrice) (D:3)
  29 orc wizards
  A troll simulacrum (IceCv)
  A wolf simulacrum (IceCv)
  Robin (D:2)
  9 gnolls
  11 adders
  2 naga simulacra (IceCv)
  A shadow imp (D:4)
  19 white imps
  2 ufetubi (Abyss:2)
  3 dart slugs
  2 ribbon worms
  90 orcs
  7 endoplasms
  4 giant cockroaches
  18 goblins
  7 hobgoblins
  5 jackals
  18 kobolds
  5 quokkas
  8 ball pythons
  2 bats
  4 frilled lizards
  3 rats
  A lurking horror (Abyss:2)
  3 starspawn tentacles (Abyss:2)
2138 creatures vanquished.

Vanquished Creatures (collateral kills)
  2 vault wardens
  A deep elf sorcerer (Elf:1)
  A stone giant (Vaults:5)
  A hydra (Lair:4)
  A deep troll earth mage (Depths:4)
  A skyshark (Lair:4)
  2 deep trolls
  A deep elf zephyrmancer (D:13)
  An orc sorcerer (Swamp:4)
  A deep elf pyromancer (Elf:3)
  An elephant (Lair:4)
  A minotaur zombie (Gauntlet)
  An ice devil (IceCv)
  2 yaks (Lair:5)
  An orc warrior (Orc:1)
  2 wolves (Lair:1)
20 creatures vanquished.

Vanquished Creatures (others)
  Nessos (D:15)
  A dancing weapon (Elf:3)
  A deep elf knight (Elf:3)
  A deep troll (Depths:4)
  2 deep elf pyromancers
  A will-o-the-wisp (Swamp:1)
  6 bloated husks
  A tyrant leech (Swamp:1)
  A spriggan (Swamp:2)
  An orc wizard (Orc:1)
  A white imp (Abyss:2)
  3 orcs
  30 foxfires
  A lurking horror (Abyss:2)
  7 starspawn tentacles (Abyss:2)
58 creatures vanquished.

Grand Total: 2216 creatures vanquished

Notes
Turn   | Place    | Note
-------+----------+-------------------------------------------
     0 | D:1      | ParallaxScroll the Mountain Dwarf Berserker began the quest
                  | for the Orb.
     0 | D:1      | Reached XP level 1. HP: 19/19 MP: 1/1
   246 | D:1      | Reached XP level 2. HP: 26/26 MP: 2/2
   543 | D:1      | Upgraded the game from 0.32-a0-928-g1cae6b7ea0 to
                  | 0.32-a0-931-g5a2cda0630
   797 | D:1      | Reached skill level 5 in Axes
   890 | D:1      | Reached XP level 3. HP: 19/31 MP: 3/3
   960 | D:1      | Reached ** piety under Trog
  1420 | D:2      | Reached XP level 4. HP: 25/38 MP: 4/4
  1422 | D:2      | Reached skill level 1 in Ranged Weapons
  1545 | D:2      | Noticed Robin
  1553 | D:2      | Killed Robin
  1819 | D:2      | Reached skill level 4 in Fighting
  2083 | D:3      | Reached skill level 1 in Short Blades
  2267 | D:3      | Reached skill level 1 in Throwing
  2267 | D:3      | Reached XP level 5. HP: 39/46 MP: 5/5
  2439 | D:3      | Reached *** piety under Trog
  2519 | D:3      | Found a white marble altar of Elyvilon.
  2739 | D:3      | Found a faded altar of an unknown god.
  2837 | D:4      | Noticed Natasha
  2907 | D:3      | Killed Natasha
  3041 | D:3      | Noticed Natasha
  3055 | D:3      | Killed Natasha
  3330 | D:3      | Noticed Natasha
  3338 | D:3      | Killed Natasha
  3508 | D:3      | Reached XP level 6. HP: 32/53 MP: 6/6
  3679 | D:4      | Found a sacrificial altar of Ru.
  3680 | D:4      | Found a basalt altar of Yredelemnul.
  3759 | D:4      | Reached skill level 5 in Fighting
  3768 | D:4      | Found a blossoming altar of Fedhas.
  3807 | D:4      | Found a hide-covered altar of Uskayaw.
  3864 | D:4      | Found an ornate altar of the Wu Jian Council.
  3950 | D:4      | Noticed Sigmund
  3957 | D:4      | Killed Sigmund
  3958 | D:4      | Reached skill level 6 in Fighting
  3958 | D:4      | Reached XP level 7. HP: 63/63 MP: 7/7
  4620 | D:4      | Found an ornate altar of the Wu Jian Council.
  4772 | D:4      | Found a sacrificial altar of Ru.
  4819 | D:4      | Found a basalt altar of Yredelemnul.
  4822 | D:4      | Found a blossoming altar of Fedhas.
  4862 | D:4      | Found a hide-covered altar of Uskayaw.
  5006 | D:5      | Entered Level 5 of the Dungeon
  5465 | D:5      | Reached skill level 5 in Armour
  5853 | D:5      | Reached skill level 7 in Fighting
  5949 | D:5      | Reached XP level 8. HP: 72/73 MP: 8/8
  6586 | D:6      | Found Runkarra's Antique Weapon Shop.
  6960 | D:6      | Found an ancient bone altar of Kikubaaqudgha.
  7311 | D:6      | Found a staircase to the Ecumenical Temple.
  7323 | D:6      | Reached **** piety under Trog
  7324 | D:6      | Reached skill level 1 in Evocations
  7672 | D:6      | Found an ancient bone altar of Kikubaaqudgha.
  7715 | D:6      | Found a staircase to the Ecumenical Temple.
  7793 | D:6      | Found Runkarra's Antique Weapon Shop.
  7979 | D:7      | Reached skill level 8 in Fighting
  8018 | D:7      | Noticed Menkaure
  8039 | D:6      | Killed Menkaure
  8040 | D:6      | Reached XP level 9. HP: 81/81 MP: 9/9
  8462 | D:7      | You fall into a shaft and drop 3 floors!
  8462 | D:10     | Entered Level 10 of the Dungeon
  8476 | D:9      | Noticed a two-headed ogre
  8476 | D:9      | Found Xapus's Overcharged Wands.
  8490 | D:9      | Killed a two-headed ogre
  8491 | D:9      | Reached skill level 9 in Fighting
  8615 | D:9      | Noticed a two-headed ogre
  8679 | D:10     | Reached skill level 10 in Fighting
  8685 | D:10     | Reached skill level 1 in Stealth
  9017 | D:10     | Noticed a gargoyle
  9136 | D:9      | Killed a two-headed ogre
  9137 | D:9      | Reached skill level 11 in Fighting
  9137 | D:9      | Reached XP level 10. HP: 72/95 MP: 10/10
  9256 | D:9      | Bought a wand of polymorph (18) for 378 gold pieces
  9465 | D:7      | Noticed Jeremiah
  9961 | D:8      | Found a staircase to the Lair.
 10070 | D:8      | Reached skill level 5 in Evocations
 10973 | D:9      | Found a staircase to the Orcish Mines.
 11130 | D:9      | Noticed a two-headed ogre
 11141 | D:9      | Killed a two-headed ogre
 11261 | D:9      | Noticed a soul eater
 11269 | D:9      | Noticed a sun demon
 11344 | D:9      | Noticed a two-headed ogre
 11364 | D:9      | Killed a two-headed ogre
 11365 | D:9      | Reached skill level 10 in Axes
 11832 | D:9      | Reached XP level 11. HP: 92/102 MP: 11/11
 11848 | D:9      | Found a roughly hewn altar of Beogh.
 12919 | D:11     | Noticed a skeletal warrior
 12919 | D:11     | Noticed a skeletal warrior
 12919 | D:11     | Noticed a skeletal warrior
 12994 | Lair:1   | Entered Level 1 of the Lair of Beasts
 13389 | Lair:1   | Noticed Sonja
 13390 | Lair:1   | Sonja changed into Sonja the boggart
 13390 | Lair:1   | Noticed Sonja
 13406 | Lair:1   | Killed Sonja the boggart
 15276 | Lair:2   | Reached skill level 1 in Shields
 15591 | Lair:2   | Reached skill level 5 in Shields
 15637 | Lair:2   | Noticed a seven-headed hydra
 15641 | Lair:2   | Noticed a catoblepas
 15650 | Lair:2   | Killed a seven-headed hydra
 15655 | Lair:2   | Killed a catoblepas
 15871 | Lair:2   | Reached XP level 12. HP: 110/110 MP: 12/12
 16011 | Lair:2   | Found a staircase to the Snake Pit.
 16299 | Lair:2   | Found the +2 ratskin cloak {*Rats rPois rN+ Str-1 Int-1
                  | Dex+1}
 17215 | Lair:3   | Found a gate leading to a gauntlet.
 17234 | Lair:3   | Reached skill level 10 in Shields
 17256 | Gauntlet | Entered a Gauntlet
 17256 | Gauntlet | Found a transporter.
 17269 | Gauntlet | Found a transporter.
 17280 | Gauntlet | Found a transporter.
 17285 | Gauntlet | Found a transporter.
 17306 | Gauntlet | Found a transporter.
 17316 | Gauntlet | Noticed a dire elephant
 17319 | Gauntlet | Found a transporter.
 17331 | Gauntlet | Found a transporter.
 17343 | Gauntlet | Found a transporter.
 17355 | Gauntlet | Found a transporter.
 17367 | Gauntlet | Found a transporter.
 17384 | Gauntlet | Found a transporter.
 17402 | Gauntlet | Found a transporter.
 17404 | Gauntlet | Found a transporter.
 17429 | Gauntlet | Found a transporter.
 17431 | Gauntlet | Found a transporter.
 17451 | Gauntlet | Found a transporter.
 17529 | Gauntlet | Found a transporter.
 17549 | Gauntlet | Found a transporter.
 18013 | Gauntlet | Identified the ring "Cir Xourunn" {rPois rF+ Will+ Stlth+}
 18044 | Gauntlet | Killed a dire elephant
 18045 | Gauntlet | Reached skill level 15 in Axes
 18080 | Gauntlet | Identified the ring "Hiohor" {rF- rN++ Will+ Dex+6}
 18103 | Gauntlet | Noticed a minotaur
 18117 | Gauntlet | Killed a minotaur
 18376 | Lair:3   | Noticed an eleionoma
 18394 | Lair:3   | Killed an eleionoma
 18484 | Lair:3   | Found a staircase to the Swamp.
 18784 | Lair:3   | Found an ornate altar of the Wu Jian Council.
 18784 | Lair:3   | Noticed a boulder beetle
 18813 | Lair:3   | Killed a boulder beetle
 18867 | Lair:3   | Found a hide-covered altar of Uskayaw.
 19470 | Lair:4   | Reached XP level 13. HP: 116/116 MP: 13/13
 20457 | Lair:5   | Entered Level 5 of the Lair of Beasts
 20488 | Lair:5   | Found a staircase to the Slime Pits.
 20488 | Lair:5   | Found a viscous altar of Jiyva.
 21002 | Lair:4   | Reached ***** piety under Trog
 21492 | Lair:4   | Reached skill level 10 in Armour
 22139 | Lair:5   | Received a gift from Trog
 22723 | Lair:4   | Reached XP level 14. HP: 124/124 MP: 14/14
 22792 | Lair:5   | Noticed Josephine
 22806 | Lair:5   | Killed Josephine
 23047 | Lair:5   | Noticed Snorg
 23066 | Lair:5   | Killed Snorg
 23411 | Lair:5   | Found a glowing golden altar of the Shining One.
 25002 | Lair:5   | Reached skill level 12 in Fighting
 25203 | Lair:5   | Identified the +8 whip "Lyxoni" {freeze, rC++ Will+ Int+2}
 25406 | Orc:1    | Entered Level 1 of the Orcish Mines
 25406 | Orc:1    | Found a roughly hewn altar of Beogh.
 25438 | Orc:1    | Found a frozen archway.
 25481 | Orc:1    | Reached skill level 1 in Maces & Flails
 25556 | IceCv    | Entered an ice cave
 26614 | IceCv    | Noticed a reaper
 26624 | IceCv    | Killed a reaper
 26823 | Orc:1    | Reached skill level 10 in Evocations
 27095 | Orc:2    | Entered Level 2 of the Orcish Mines
 27587 | Orc:1    | Reached skill level 5 in Throwing
 28176 | Orc:1    | Identified the +11 broad axe "Vevomusm" {heavy, Str+4}
                  | (Trog gifted it to you on level 1 of the Orcish Mines)
 28176 | Orc:1    | Received a gift from Trog
 28572 | Orc:2    | Found a roughly hewn altar of Beogh.
 28611 | Orc:2    | Found a staircase to the Elven Halls.
 28933 | Orc:2    | Noticed an orc warlord
 28953 | Orc:2    | Killed an orc warlord
 28958 | Orc:2    | Reached XP level 15. HP: 134/134 MP: 15/15
 29874 | Orc:2    | Found Gufeho Zane's General Store.
 29874 | Orc:2    | Found Kedil's General Store.
 29876 | Orc:2    | Found Wyarr's General Store.
 29876 | Orc:2    | Found Juluaf's Antique Armour Boutique.
 29882 | Orc:2    | Bought a scroll of teleportation for 39 gold pieces
 29887 | Orc:2    | Bought a wand of roots (2) for 62 gold pieces
 29887 | Orc:2    | Bought a potion of might for 52 gold pieces
 29887 | Orc:2    | Bought a scroll of teleportation for 39 gold pieces
 29887 | Orc:2    | Bought a wand of mindburst (7) for 127 gold pieces
 29890 | Orc:2    | Bought a scroll of fear for 52 gold pieces
 29890 | Orc:2    | Bought 3 scrolls of teleportation for 117 gold pieces
 29890 | Orc:2    | Bought a scroll of silence for 123 gold pieces
 29890 | Orc:2    | Bought a +0 pair of boots for 58 gold pieces
 29897 | Orc:2    | Bought a potion of haste for 130 gold pieces
 29897 | Orc:2    | Bought a potion of might for 52 gold pieces
 30340 | D:11     | Found a runed translucent gate.
 30340 | D:11     | Found a runed translucent gate.
 30340 | D:11     | Found a runed translucent gate.
 30343 | D:11     | Noticed Pim's ghost (journeyman GnWr)
 30511 | D:11     | Noticed Erolcha
 30516 | D:11     | Killed Erolcha
 30593 | D:11     | Found a viscous altar of Jiyva.
 30747 | D:11     | Killed Pim's ghost
 31230 | D:12     | Received a gift from Trog
 31440 | D:12     | Reached skill level 13 in Fighting
 33217 | D:13     | Reached skill level 14 in Fighting
 34222 | D:13     | Noticed Kirke
 34229 | D:13     | Killed Kirke
 34365 | D:13     | Reached skill level 15 in Shields
 35051 | D:14     | Found a runed translucent door.
 35053 | D:14     | Noticed Jiawno's ghost (journeyman CoHu)
 35557 | D:14     | Identified the +1 spear of Karma {venom, rF+ Will+}
 35592 | D:14     | Killed Jiawno's ghost
 35593 | D:14     | Reached XP level 16. HP: 131/146 MP: 16/16
 35715 | D:14     | Received a gift from Trog
 35778 | D:14     | Found a gate to the Vaults.
 35862 | D:15     | Entered Level 15 of the Dungeon
 36789 | D:15     | Found an ancient bone altar of Kikubaaqudgha.
 36841 | D:15     | Noticed Nessos
 36849 | D:15     | Killed Nessos
 37091 | D:15     | Found a staircase to the Depths.
 37215 | D:15     | Identified the +4 spear "Umirown" {vamp, *Rage rPois Will++
                  | Int+3}
 37585 | Swamp:1  | Entered Level 1 of the Swamp
 37654 | Swamp:1  | Received a gift from Trog
 39043 | Swamp:2  | Received a gift from Trog
 39126 | Swamp:2  | Reached skill level 15 in Fighting
 39162 | Swamp:2  | Noticed a tentacled monstrosity
 39167 | Swamp:2  | Killed a tentacled monstrosity
 39202 | Swamp:2  | Noticed a thorn hunter
 39214 | Swamp:2  | Killed a thorn hunter
 39399 | Swamp:2  | Reached ****** piety under Trog
 39400 | Swamp:2  | Reached XP level 17. HP: 144/156 MP: 17/17
 40417 | Swamp:4  | Entered Level 4 of the Swamp
 41200 | Swamp:4  | Reached skill level 16 in Fighting
 41514 | Swamp:4  | Identified the +7 scimitar "Qetriev" {flame, rCorr} (Trog
                  | gifted it to you on level 4 of the Swamp)
 41514 | Swamp:4  | Received a gift from Trog
 41663 | Swamp:4  | Reached skill level 5 in Dodging
 41963 | Swamp:4  | Got a decaying rune of Zot
 42364 | Snake:1  | Entered Level 1 of the Snake Pit
 43324 | Snake:1  | Received a gift from Trog
 43344 | Snake:1  | Reached skill level 15 in Armour
 43497 | Snake:1  | Reached XP level 18. HP: 161/166 MP: 18/18
 43935 | Snake:2  | Found Ywnuemay's General Store.
 43985 | Snake:2  | Identified the serpent talisman of the Game Afoot {rElec
                  | rC- Will++ rCorr}
 43985 | Snake:2  | Noticed Aizul
 44001 | Snake:2  | Killed Aizul
 44087 | Snake:2  | Noticed Mlioglotl
 44104 | Snake:1  | Killed Mlioglotl
 44196 | Snake:2  | Noticed Vashnia
 44200 | Snake:2  | Killed Vashnia
 44201 | Snake:2  | Reached skill level 17 in Fighting
 44966 | Snake:3  | Noticed Bai Suzhen
 45169 | Elf:1    | Entered Level 1 of the Elven Halls
 45482 | D:7      | Killed Jeremiah
 45702 | Vaults:1 | Entered Level 1 of the Vaults
 45866 | Vaults:1 | Found a magical portal.
 45884 | WizLab   | Entered Eringya's Formal Garden
 46459 | WizLab   | Received a gift from Trog
 46460 | WizLab   | Reached skill level 15 in Evocations
 46653 | WizLab   | Found a blossoming altar of Fedhas.
 46903 | Vaults:1 | Identified the +5 scale mail "Vukhlahiu" {Regen+ rCorr
                  | Int+5 Stlth-}
 47484 | Vaults:1 | Identified the +0 cloak of Misanthropy {Rampage}
 47526 | Vaults:1 | Found Wiumam's Antique Armour Emporium.
 47566 | Vaults:1 | Bought a pair of runed gloves for 232 gold pieces
 47985 | Vaults:1 | Reached XP level 19. HP: 125/177 MP: 19/19
 48122 | Vaults:1 | You fall into a shaft and drop 1 floor!
 48728 | Vaults:2 | Reached skill level 18 in Fighting
 48922 | Vaults:2 | Received a gift from Trog
 49060 | Vaults:2 | Noticed Mara
 49083 | Vaults:2 | Paralysed by a formless jellyfish for 1 turns
 49095 | Vaults:2 | Noticed ParallaxScroll's illusion
 49098 | Vaults:2 | Noticed ParallaxScroll's illusion
 49099 | Vaults:2 | Killed Mara
 49377 | Vaults:2 | Noticed Zenata
 49905 | Vaults:2 | Killed Zenata
 50277 | Vaults:3 | Reached skill level 19 in Fighting
 50513 | Vaults:3 | Received a gift from Trog
 50604 | Vaults:3 | Found a runed translucent gate.
 50604 | Vaults:3 | Found a runed translucent gate.
 50604 | Vaults:3 | Found an opulent altar of Gozag.
 50605 | Vaults:3 | Found a runed translucent gate.
 50605 | Vaults:3 | Noticed Qedwod's ghost (veteran DrFE)
 51179 | Vaults:3 | Found a staircase to the Crypt.
 51179 | Vaults:3 | Found an ancient bone altar of Kikubaaqudgha.
 51180 | Vaults:3 | Found a basalt altar of Yredelemnul.
 51477 | Vaults:3 | Identified the +11 hand axe of Jumou {spect, rPois Int+6}
 51651 | Vaults:3 | Reached skill level 20 in Fighting
 51724 | Vaults:3 | Reached XP level 20. HP: 156/193 MP: 20/20
 52408 | Vaults:4 | Received a gift from Trog
 52570 | Vaults:4 | Reached skill level 21 in Fighting
 52974 | Vaults:4 | Reached skill level 22 in Fighting
 54789 | Elf:1    | Received a gift from Trog
 54989 | Elf:1    | Identified the +2 robe of Patterns {rPois}
 56153 | Elf:2    | Found a runed translucent door.
 56177 | Elf:2    | Found a runed translucent door.
 56340 | Elf:2    | Received a gift from Trog
 56867 | Elf:3    | Entered Level 3 of the Elven Halls
 56998 | Elf:3    | Reached XP level 21. HP: 168/207 MP: 21/21
 58403 | Elf:3    | Reached skill level 10 in Dodging
 58466 | Elf:3    | Identified the ring "Guptuac" {rC++ rN+ MP+9 Slay-2}
 58693 | Elf:3    | Identified the +11 broad axe of Truncation {heavy, rF+
                  | Str+4} (Trog gifted it to you on level 3 of the Elven
                  | Halls)
 58693 | Elf:3    | Received a gift from Trog
 58963 | Elf:3    | Identified the ring of Ypit {Wiz rElec Will+ MP+9}
 58980 | Elf:3    | Identified the ring of Keniddev {rPois rC+ Str+5}
 59243 | Elf:3    | Identified the +4 war axe "Fyirgh" {heavy, +Blink rElec
                  | Str+8 Int-5}
 59258 | Abyss:2  | Cast into level 2 of the Abyss (deep elf knight)
 59542 | Abyss:2  | Found a corrupted altar of Lugonu.
 59665 | Abyss:2  | Found a corrupted altar of Lugonu.
 59715 | Elf:3    | Escaped the Abyss
 59804 | Elf:3    | Identified the staff of the Contumacious God {rF+ rC+ rCorr
                  | Str+3 Stlth+ Fire}
 59850 | Elf:3    | Identified the staff "Hoergh" {Will+ Int+3 Earth}
 60327 | Snake:2  | Killed Bai Suzhen
 60618 | Snake:3  | Received a gift from Trog
 60682 | Snake:3  | Found a transporter.
 60712 | Snake:3  | Noticed Nikola
 60725 | Snake:3  | Killed Nikola
 60822 | Snake:3  | Found a transporter.
 61355 | Snake:4  | Entered Level 4 of the Snake Pit
 61489 | Snake:4  | Reached skill level 10 in Throwing
 62052 | Snake:4  | Found Xinumy's Weapon Shop.
 62101 | Snake:4  | Received a gift from Trog
 62310 | Snake:4  | Bought 3 curare-tipped darts for 50 gold pieces
 62313 | Snake:4  | Found a snail-covered altar of Cheibriados.
 62506 | Snake:4  | Reached XP level 22. HP: 215/215 MP: 20/22
 63023 | Snake:4  | Got a serpentine rune of Zot
 63413 | Depths:1 | Entered Level 1 of the Depths
 63756 | Depths:1 | Found a one-way gateway to a ziggurat.
 64214 | Depths:1 | Received a gift from Trog
 64308 | Depths:1 | Found a gateway to Hell.
 64938 | Depths:1 | Found a runed translucent door.
 65413 | Depths:2 | Found Soggeofe's Distillery.
 65413 | Depths:2 | Found a one-way gate leading to the halls of Pandemonium.
 65627 | Abyss:2  | Found a corrupted altar of Lugonu.
 65627 | Abyss:2  | Cast into level 2 of the Abyss (an occultist)
 65644 | Depths:2 | Escaped the Abyss
 66235 | Depths:2 | Received a gift from Trog
 66364 | Depths:2 | Bought a potion of haste for 150 gold pieces
 66482 | Depths:2 | Reached skill level 23 in Fighting
 66784 | Depths:2 | Found a sparkling altar of Nemelex Xobeh.
 66857 | Depths:2 | Identified the +9 morningstar of Winter {drain, +Blink Fly
                  | Will+ Dex+2}
 68091 | Depths:2 | Found a one-way gate to the infinite horrors of the Abyss.
 68498 | Depths:3 | Reached XP level 23. HP: 154/226 MP: 11/23
 68871 | Depths:2 | Received a gift from Trog
 69078 | Depths:2 | Found a one-way gate leading to the halls of Pandemonium.
 69079 | Depths:2 | Found Soggeofe's Distillery.
 69387 | Depths:2 | Found a one-way gate to the infinite horrors of the Abyss.
 69427 | Depths:2 | Found a sparkling altar of Nemelex Xobeh.
 69891 | Depths:3 | Noticed a caustic shrike
 69908 | Depths:2 | Killed a caustic shrike
 70221 | Depths:3 | Noticed a juggernaut
 70228 | Depths:2 | Killed a juggernaut
 70315 | Depths:2 | Received a gift from Trog
 70374 | Depths:3 | Identified the +4 morningstar "Mowukh" {holy, Str+5 Int+2}
 70787 | Depths:3 | Noticed an ancient lich
 70823 | Depths:3 | Killed an ancient lich
 72092 | Depths:4 | Entered Level 4 of the Depths
 72942 | Depths:4 | Identified the +4 robe of the Cicada {Str+3}
 72942 | Depths:4 | Noticed Boris
 73012 | Depths:4 | Killed Boris
 73101 | Depths:4 | Found the +3 robe of Clouds {*Thunder rCloud rElec}
 73322 | Depths:4 | Found a stormy altar of Qazlal.
 73350 | Depths:4 | Received a gift from Trog
 74122 | Depths:4 | Found a gate to the Realm of Zot.
 74866 | Vaults:5 | Entered Level 5 of the Vaults
 74866 | Vaults:5 | Noticed a dread lich
 74871 | Vaults:5 | Killed a dread lich
 74884 | Vaults:5 | Reached XP level 24. HP: 198/235 MP: 1/23
 74924 | Vaults:5 | Received a gift from Trog
 75274 | Vaults:5 | Received a gift from Trog
 75412 | Vaults:4 | Paralysed by an ogre mage for 5 turns
 75473 | Vaults:5 | Gained mutation: Armour fits poorly on your strangely
                  | shaped body. [a shining eye]
 75825 | Vaults:5 | Noticed an ancient lich
 75835 | Vaults:4 | Killed an ancient lich
 75991 | Vaults:5 | Reached skill level 24 in Fighting
 76082 | Vaults:5 | Identified the +9 great sword of Quantum Leap {holy, *Slow
                  | Str+5 Int+2}
 76266 | Vaults:5 | Identified the +0 chain mail of Bicistroa {Harm rC+ Int+3}
 76307 | Vaults:5 | Received a gift from Trog
 76435 | Vaults:5 | Identified the +7 chain mail "Peommierr" {rElec}
 76516 | Vaults:5 | Got a silver rune of Zot
 76790 | Vaults:5 | Noticed an ancient lich
 76797 | Vaults:5 | Killed an ancient lich
 77030 | Vaults:5 | Identified the +10 giant spiked club of the Incandescent
                  | {freeze, rElec rCorr Dex+3}
 77139 | Vaults:5 | Received a gift from Trog
 77411 | Vaults:5 | Identified the ring "Riwiusmonu" {rElec rC+ Will- EV+5
                  | SInv}
 77421 | Vaults:5 | Identified the +11 morningstar of Kaihoyp {antimagic, rElec
                  | Stlth+}
 80703 | Depths:2 | Bought a potion of mutation for 120 gold pieces
 80703 | Depths:2 | Bought a potion of enlightenment for 75 gold pieces
 80703 | Depths:2 | Bought a potion of enlightenment for 75 gold pieces
 80703 | Depths:2 | Bought a potion of attraction for 45 gold pieces
 80703 | Depths:2 | Bought a potion of curing for 45 gold pieces
 80703 | Depths:2 | Bought a potion of curing for 45 gold pieces
 80703 | Depths:2 | Bought a potion of curing for 45 gold pieces
 80827 | Zot:1    | Entered Level 1 of the Realm of Zot
 81015 | Zot:1    | Reached XP level 25. HP: 245/245 MP: 0/23
 81135 | Zot:2    | Noticed an ancient lich
 81280 | Zot:2    | Noticed Parghit
 81292 | Zot:1    | Killed Parghit
 81298 | Zot:1    | Noticed an orb of fire
 81307 | Zot:1    | Gained mutation: Your spells are a little easier to cast,
                  | but a little less powerful. [an orb of fire]
 81308 | Zot:1    | Gained mutation: You are clumsy. (Dex -2) [an orb of fire]
 81311 | Zot:1    | Gained mutation: You sometimes lose your temper in combat.
                  | [an orb of fire]
 81312 | Zot:1    | Killed an orb of fire
 81313 | Zot:1    | Reached skill level 15 in Throwing
 81319 | Zot:1    | Lost mutation: Armour fits poorly on your strangely shaped
                  | body. [potion of mutation]
 81319 | Zot:1    | Lost mutation: Your spells are a little easier to cast, but
                  | a little less powerful. [potion of mutation]
 81319 | Zot:1    | Gained mutation: You are partially covered in iridescent
                  | scales. (AC +2) [potion of mutation]
 81572 | Zot:1    | Killed an ancient lich
 81709 | Zot:2    | Paralysed by a sphinx for 2 turns
 82005 | Zot:2    | Lost mutation: You sometimes lose your temper in combat.
                  | [potion of mutation]
 82005 | Zot:2    | Lost mutation: You are clumsy. (Dex -2) [potion of
                  | mutation]
 82005 | Zot:2    | Lost mutation: You are partially covered in iridescent
                  | scales. (AC +2) [potion of mutation]
 82005 | Zot:2    | Gained mutation: You are strong-willed. (Will+) [potion of
                  | mutation]
 82005 | Zot:2    | Gained mutation: Your spells are a little harder to cast,
                  | but a little more powerful. [potion of mutation]
 82084 | Zot:3    | Received a gift from Trog
 82270 | Zot:2    | Gained mutation: You occasionally shout uncontrollably at
                  | your foes. [a shining eye]
 82271 | Zot:2    | Gained mutation: You sometimes lose your temper in combat.
                  | [a shining eye]
 82838 | Zot:3    | Identified the +6 war axe of Hidghojir {freeze, rC+ rCorr
                  | Int+3}
 82926 | Zot:3    | Paralysed by a jorogumo for 3 turns
 83542 | Zot:4    | Received a gift from Trog
 83645 | Zot:5    | Entered Level 5 of the Realm of Zot
 83788 | Zot:5    | Noticed an orb of fire
 83788 | Zot:5    | Noticed an orb of fire
 83788 | Zot:5    | Noticed an orb of fire
 83788 | Zot:5    | Noticed a Killer Klown
 83788 | Zot:5    | Gained mutation: Your health recovers twice as slowly from
                  | being drained. [an orb of fire]
 83790 | Zot:5    | Noticed an orb of fire
 83794 | Zot:5    | Got the Orb of Zot
 83795 | Zot:5    | Noticed an ancient lich
 84531 | D:$      | Escaped with the Orb!

Illustrated notes

Levels and vault maps discovered:
D:1:      evilmike_arrival_fibonacci_small, layout_basic
D:2:      layout_basic, minmay_indecisive_spiral, uniq_robin
D:3:      layout_basic, nicolae_elyvilon_peaceful_grove,
          shapermc_ecumenical_altar_mp_vishouse, minivault_25
D:4:      layout_rooms, kennysheep_mini_moat, nicolae_overflow_hidden_temple,
          serial_forest, infiniplex_forest_straight_5,
          infiniplex_forest_lined_2, infiniplex_forest_lined_room_,
          infiniplex_forest_end_2, infiniplex_forest_straight_3,
          mainiacjoe_sewer_entry_somewhere_in_here_2, uniq_sigmund, uniq_natasha
D:5:      layout_layer_cave, kennysheep_generic_room_14
D:6:      layout_rooms, mainiacjoe_overflow_boulevard,
          minmay_temple_entry_water_ring, serial_shops, shop
D:7:      layout_gridville, uniq_menkaure, uniq_jeremiah
D:8:      layout_loops_corners, lair_entry_dummy
D:9:      layout_roguey, minmay_orc_entry_temple_small,
          nicolae_shop_overcharged_wands
D:10:     layout_cave_pools
D:11:     layout_roguey, gammafunk_ghost_ooze, uniq_erolcha
D:12:     layout_loops_corners
D:13:     minmay_blocky_corners, layout_loops_corners, st_stairs_4,
          bh_hangedman_babel_library, uniq_kirke
D:14:     layout_long_grid, grunt_vaults_entry_tiered,
          ebering_ghost_funeral_grove
D:15:     grunt_enter_depths_hoard, layout_basic, kiku_gazebo_garden_becter,
          small_chamber_with_monster, uniq_nessos
Lair:1:   layout_long_grid, minmay_holes, infiniplex_staircase_pool,
          grunt_megastairs_1, uniq_sonja
Lair:2:   layout_layer_cave, guppyfry_snake_entry_garden, minmay_hedge_maze
Lair:3:   layout_gridlike, alex1729_swamp_entry_worm_eleionoma,
          gauntlet_entry_generic, nzn_masters_of_martial_movement
Lair:4:   layout_roguey
Lair:5:   due_jungle_book, layout_concentric_octagons,
          nicolae_slime_entry_field_trip, basic_altar, disabler_island,
          uniq_snorg, uniq_josephine
Swamp:1:  layout_falls_marsh, nicolae_swamp_ascending_descending, swamp_pool_3,
          nicolae_swamp_tree_isthmus
Swamp:2:  nzn_winding_woodlands_three_and_one [nzn_winding_woodlands_5x15_cabin,
          nzn_winding_woodlands_5x15_jagged,
          nzn_winding_woodlands_5x15_sawtooth,
          nzn_winding_woodlands_center_triple_pond], layout_basic_swamp,
          evilmike_swamp_ruin_house_3
Swamp:3:  layout_basic_swamp, nicolae_swamp_dense_foliage
Swamp:4:  nzn_swamp_witches_coven, layout_basic_swamp, swamp_pool_4
Snake:1:  layout_misc_corridors, nicolae_snake_salamander_zone,
          serial_bayou_shore_b, grunt_megastairs_4
Snake:2:  nicolae_snake_nest, layout_rooms, serial_shops, nicolae_stop_n_shop_2,
          nicolae_snake_salamander_jacuzzi, uniq_aizul, uniq_vashnia,
          uniq_mlioglotl
Snake:3:  gammafunk_its_a_trap, layout_onion, lemuel_fruit_tree, uniq_nikola,
          uniq_bai_suzhen
Snake:4:  hellmonk_snake_rune_quicksilver_temple, layout_cave_town, basic_altar,
          serial_shops, nicolae_shop_tiny_glass, grunt_megastairs_2
Orc:1:    layout_caves, portal_ice_cave_entry_imps, basic_altar
Orc:2:    grunt_orc_tribal_feast, layout_caves, basic_altar,
          nicolae_orc_flooded_monolith
Elf:1:    eino_elf_arrival_the_gate, layout_gridlike,
          nicolae_elf_shapeshifter_party, grunt_megastairs_3
Elf:2:    nicolae_elf_blades_splatter_lattice
          [nicolae_blade_entry_splitting_headache], layout_geoelf_octagon,
          nicolae_elevator_lobby_asterisk
Elf:3:    minmay_elf_hall, layout_geoelf_octagon, minivault_28
Vaults:1: mu_enter_wizlab_5, nicolae_vaults_closet_pinwheel_3,
          nicolae_vaults_fighting_squares, nicolae_vaults_closet_pinwheel_2,
          nicolae_vaults_heart-shaped_vault, hangedman_vaults_capsules,
          nicolae_vaults_two_Ls, nicolae_vaults_network_periphery,
          nicolae_vaults_closet_pinwheel_6, vaults_mumra_lcd,
          nicolae_vaults_little_squares_1, ontoclasm_vaults_shuriken,
          ontoclasm_vaults_tryst, layout_vaults_ring, serial_shops, shop
Vaults:2: nicolae_vaults_turnstiles, nicolae_vaults_shelves_hall,
          nicolae_vaults_border_crossing, grunt_vaults_focal,
          layout_vaults_omnigrid, uniq_zenata, uniq_mara
Vaults:3: ebering_ghost_gozag, v_misc_16, nicolae_vaults_double_plus_3,
          minmay_crypt_entry_necro_gods, hangedman_vaults_river_flow,
          nicolae_vaults_arrows, vaults_standard_mumra_x,
          nicolae_vaults_closet_pinwheel_1, vaults_mumra_minichess_inversion,
          ontoclasm_vaults_claustrophobia, st_cross, grunt_vaults_swirl,
          vaults_dpeg_hooks, layout_vaults_omnibox
Vaults:4: nicolae_vaults_closet_pinwheel_5, nicolae_vaults_sealed_display,
          nicolae_vaults_more_shelving_2, nicolae_vaults_closet_pinwheel_4,
          nicolae_vaults_asterisk, v_misc_19, grunt_vaults_bifocal,
          ontoclasm_vaults_idyll, nicolae_vaults_windows_and_doors_thing,
          hangedman_vaults_unwind, vaults_room_pool, nicolae_vaults_two_Ls,
          vaults_room_semicircle, nicolae_vaults_security_offices_1,
          layout_vaults_maze_snakey
Vaults:5
Depths:1: evilmike_horseshoe, layout_basic, enter_ziggurat_a, hell_entry,
          wad_hexagon
Depths:2: regret_index_nemelex_summoning_deck_glade, layout_cave_pools,
          nicolae_lava_and_water, serial_shops, shop, pan_entry,
          minmay_room_of_horrors, pf_hell_entry_tar_spiral,
          infiniplex_staircase_squiggle
Depths:3: hangedman_pleasuredromes, hell_entry, abyss_entry
Depths:4: grunt_bruiser_brothers, layout_gridlike,
          nicolae_qazlal_scattered_showers, grunt_hell_entry_dis_mu,
          grunt_ministairs_3, serial_bayou_shore_b, uniq_boris
Zot:1:    layout_cathedral_of_symmetry, bh_zot_lava_cross,
          regret_index_zotdec_banners
Zot:2:    hangedman_zot_vaults_quadrants, layout_cathedral_of_symmetry,
          regret_index_zotdec_gossamer_parallel, uniq_parghit
Zot:3:    gammafunk_sealed_library, layout_concentric_octagons
Zot:4:    layout_gridlike, regret_index_zotdec_carving_tricks
Zot:5:    layout_basic

Skill      XL: |  1  2  3  4  5  6  7  8  9 10 11 12 13 14 15 16 17 18 19 20 21 22 23 24 25 |
---------------+----------------------------------------------------------------------------+-----
Axes           | 4 5 10 14 16 17 19 | 19.8
Ranged Weapons | 1 2 |  2.0
Fighting       | 4 6 7 8 11 12 14 15 16 17 20 22 23 24 | 24.0
Short Blades   | 1 2 |  2.0
Throwing       | 1 2 4 5 7 9 10 12 14 16 | 16.0
Armour         | 4 5 7 8 9 11 12 14 15 16 18 19 20 21 | 21.0
Dodging        | 3 4 5 6 9 10 11 | 11.0
Evocations     | 3 5 6 9 10 12 14 15 16 17 18 | 18.0
Stealth        | 2 |  2.0
Shields        | 6 10 11 14 15 16 18 19 21 23 | 23.0
Maces & Flails | 4 |  4.2

Action                     |  1- 3 |  4- 6 |  7- 9 | 10-12 | 13-15 | 16-18 | 19-21 | 22-24 | 25-27 || total
---------------------------+-------+-------+-------+-------+-------+-------+-------+-------+-------++-------
  Melee: Hand axe          |   113 |    23 |       |   132 |       |       |       |       |       ||   268
         Dagger            |       |   118 |   342 |   259 |       |       |       |       |       ||   719
         War axe           |       |       |    20 |   412 |   955 |    37 |       |       |       ||  1424
         Flail             |       |       |       |    11 |       |       |       |       |       ||    11
         Whip              |       |       |       |       |    25 |       |       |       |       ||    25
         Broad axe         |       |       |       |       |   384 |   952 |  1167 |  1249 |   359 ||  4111
   Fire: Shortbow          |    19 |    96 |    21 |       |       |       |       |       |       ||   136
         Orcbow            |       |       |    81 |    94 |       |       |       |       |       ||   175
  Throw: Stone             |       |     6 |     2 |       |       |       |       |       |       ||     8
         Dart              |       |       |     8 |    56 |    43 |     3 |     6 |     1 |       ||   117
         Javelin           |       |       |       |     4 |     3 |     2 |       |    10 |    12 ||    31
         Boomerang         |       |       |       |    10 |    15 |    42 |    12 |     1 |     5 ||    85
 Invoke: Berserk           |     1 |     3 |     3 |    10 |    12 |     4 |     4 |     4 |     1 ||    42
         Trog's Hand       |       |       |     4 |     7 |     9 |     2 |    16 |     4 |     4 ||    46
         Brothers in Arms  |       |       |       |       |       |       |       |       |     1 ||     1
  Evoke: Wand              |       |       |       |     4 |     4 |       |     3 |     8 |     5 ||    24
         Sack of spiders   |       |       |       |       |       |       |     1 |     1 |       ||     2
    Use: Scroll            |       |     3 |     4 |    12 |     7 |     4 |     9 |    10 |    11 ||    60
         Potion            |       |       |     1 |     4 |     1 |     1 |     1 |     6 |     9 ||    23
   Stab: Petrified         |       |       |       |     3 |       |       |       |       |       ||     3
         Distracted        |       |       |       |       |     1 |     1 |     1 |     2 |     2 ||     7
         Invisible         |       |       |       |       |       |       |       |     1 |       ||     1
 Armour: Animal skin       |    64 |    11 |       |       |       |       |       |       |       ||    75
         Scale mail        |       |    61 |       |       |       |       |       |       |       ||    61
         Ring mail         |       |    43 |   146 |       |       |       |       |       |       ||   189
         Leather armour    |       |       |   120 |    97 |       |       |       |       |       ||   217
         Plate armour      |       |       |       |   287 |   866 |   904 |   773 |       |       ||  2830
         Acid dragon scale |       |       |       |   104 |    28 |       |       |       |       ||   132
         Storm dragon scal |       |       |       |       |       |       |   135 |  1184 |   585 ||  1904
  Dodge: Dodged            |    97 |    84 |   209 |   341 |   468 |   239 |   393 |   497 |   168 ||  2496
  Block: Kite shield       |       |       |       |   103 |   729 |   785 |   932 |  1122 |   358 ||  4029
         Reflection        |       |       |       |       |     1 |    81 |    99 |    47 |       ||   228

Table legend: (Time is in decaauts)
 A = Elapsed time spent in this place.
 B = Non-inter-level travel time spent in this place.
 C = Inter-level travel time spent in this place.
 D = Time resting spent in this place.
 E = Time spent auto-exploring this place.
 F = Levels seen in this place.
 G = Mean time per level.
                   A        B        C        D        E       F      G
               +--------+--------+--------+--------+--------+-----+--------+
         Total |  85674 |  71477 |  14197 |  25635 |  29911 |  52 | 1647.6 |
       Dungeon |  24744 |  19364 |   5380 |   5521 |  10181 |  15 | 1649.6 |
          Lair |  11562 |   9685 |   1877 |   4162 |   3678 |   5 | 2312.4 |
         Swamp |   5152 |   4400 |    752 |   1399 |   1934 |   4 | 1288.0 |
     Snake Pit |   5772 |   4832 |    940 |   1435 |   2174 |   4 | 1443.0 |
  Orcish Mines |   3793 |   3487 |    306 |   1720 |    887 |   2 | 1896.5 |
   Elven Halls |   4648 |   4175 |    473 |   1569 |   1651 |   3 | 1549.3 |
        Vaults |  11748 |   9154 |   2594 |   2353 |   4499 |   5 | 2349.6 |
        Depths |  11255 |   9892 |   1363 |   4213 |   3815 |   4 | 2813.8 |
           Zot |   3314 |   2804 |    510 |   1933 |      1 |   5 |  662.8 |
         Abyss |    477 |    477 |      0 |    133 |    135 |   2 |  238.5 |
      Ice Cave |   1195 |   1195 |      0 |    739 |    189 |   1 | 1195.0 |
        Wizlab |    992 |    992 |      0 |    327 |    315 |   1 |  992.0 |
      Gauntlet |   1016 |   1016 |      0 |    128 |    450 |   1 | 1016.0 |
               +--------+--------+--------+--------+--------+-----+--------+

Top non-repeatable levels by time:
Depths:1: 3273 daAuts
  Lair:5: 3197 daAuts
Depths:2: 3094 daAuts
    D:12: 2874 daAuts
  Lair:4: 2674 daAuts
Depths:3: 2644 daAuts
Vaults:5: 2571 daAuts
Vaults:1: 2450 daAuts
   Elf:3: 2427 daAuts
     D:8: 2375 daAuts
Vaults:2: 2327 daAuts
Vaults:4: 2283 daAuts
    D:14: 2266 daAuts
Depths:4: 2243 daAuts
  Lair:2: 2221 daAuts
